 Dungeon Crawl Stone Soup version 0.18-a0-1526-gcb34c7c (webtiles) character file.

383125 Svalin the Severer (level 24, -8/303 HPs)
             Began as a Formicid Fighter on Feb 25, 2016.
             Was the Champion of Okawaru.
             Mangled by Frederick
             ... wielding a +1 demon trident
              (11 damage)
             ... on level 5 of the Vaults on Mar 8, 2016.
             The game lasted 03:27:28 (51720 turns).

Svalin the Severer (Formicid Fighter)              Turns: 51720, Time: 03:27:29

Health: -8/303     AC: 32    Str: 22    XL:     24   Next: 1%
Magic:  28/28      EV:  2    Int: 12    God:    Okawaru [******]
Gold:   4192       SH: 26    Dex: 17    Spells: 0 memorised, 23 levels left

rFire  . . .     SeeInvis .     e - +9 executioner's axe (chop)
rCold  . . .     Gourm    .     (armour currently unavailable)
rNeg   + + +     Faith    .     x - +4 large shield {reflect}
rPois  +         Spirit   .     (helmet unavailable)
rElec  .         Dismiss  .     (cloak currently unavailable)
rCorr  .         Reflect  +     (gloves currently unavailable)
SustAt .         Harm     .     (boots currently unavailable)
MR     ++...                    Q - amulet of regeneration
Stlth  ++........               i - ring of poison resistance
                                m - +6 ring of evasion

@: tree-form (expiring), marked, flayed, very resistant to hostile enchantments,
unstealthy
A: permanent stasis, dig shafts and tunnels, four strong arms, (antennae 0),
(hooves 0), (icy blue scales 0), (iridescent scales 0), (electricity resistance)
a: Heroism, Finesse, Renounce Religion
}: 2/15 runes: serpentine, barnacled


You were on level 5 of the Vaults.
You worshipped Okawaru.
Okawaru was exalted by your worship.
You were not hungry.
You were a tree.
You visited 6 branches of the dungeon, and saw 38 of its levels.
You also visited: Ossuary, Bailey, Ice Cave and Volcano.

You collected 6155 gold pieces.
You spent 1963 gold pieces at shops.

Inventory:

Hand Weapons
 e - a +9 executioner's axe of chopping (weapon)
 y - the +6 war axe of Ykeha {flame, rF+++ rC+++ Int-4 Stlth-}
   (You found it on level 7 of the Dungeon)

   It has been specially enchanted to burn those struck by it, causing extra
   injury to most foes and up to half again as much damage against particularly
   susceptible opponents.
   Big, fiery blades are also staple armaments of hydra-hunters.
   It affects your intelligence (-4).
   It renders you almost immune to fire.
   It renders you almost immune to cold.
   It makes you less stealthy.
Armour
 r - a +1 pair of gloves of strength (melded)
 u - a +1 pair of boots (melded)
 x - a +4 large shield of reflection (worn)
 G - the +5 plate armour of the Bard (melded) {rF+ rC+ Int+4}
   (Okawaru gifted it to you on level 4 of the Shoals)

   It affects your intelligence (+4).
   It protects you from fire.
   It protects you from cold.
 M - a +2 cloak (melded)
Jewellery
 i - a ring of poison resistance (right branch)
 m - a +6 ring of evasion (left branch)
 w - an uncursed amulet of faith
 E - an uncursed ring of sustain attributes
 Q - an amulet of regeneration (around neck)
 R - an uncursed ring of resist corrosion
Wands
 t - a wand of slowing (48/48)
 z - a wand of iceblast (10/15)
 F - a wand of iceblast (8/15)
 I - a wand of flame (33/48)
 L - a wand of acid (4/15)
 U - a wand of enslavement (9/24)
Scrolls
 h - 7 scrolls of remove curse
 p - 9 scrolls of identify
 s - a scroll of enchant armour
 v - a scroll of amnesia
 B - 3 scrolls of enchant weapon
 J - 4 scrolls of summoning
 O - a scroll of magic mapping
 P - 5 scrolls of fog
 S - a scroll of holy word
 T - a scroll of fear
Potions
 g - 3 potions of lignification
 k - a potion of cure mutation
 l - 6 potions of ambrosia
 n - 11 potions of curing
 H - 2 potions of might
 V - 2 potions of resistance
Miscellaneous
 c - a phantom mirror
 o - a disc of storms
 q - a fan of gales (inert)
 A - a plain deck of destruction {Pain, drawn: 1}
 K - a stone of tremors (inert)
 Y - a sack of spiders {used: 1}
Comestibles
 a - 15 fruits
 b - 10 royal jellies
 f - 23 bread rations
 j - 16 meat rations
 C - 5 beef jerkies
 D - 6 slices of pizza


   Skills:
 + Level 19.4 Fighting
 + Level 20.5(21.1) Axes
   Level 9.8(16.4) Maces & Flails
 + Level 20.1 Armour
 - Level 10.4 Dodging
 + Level 17.9 Shields
 - Level 7.7 Invocations


You had 23 spell levels left.
You didn't know any spells.

Dungeon Overview and Level Annotations

Branches:
Dungeon (15/15)            Temple (0/1) D:7            Lair (8/8) D:11
 Shoals (4/4) Lair:5        Snake (4/4) Lair:4        Slime (0/6) Lair:8
    Orc (2/2) D:12            Elf (0/3) Orc:2        Vaults (5/5) D:14
  Crypt (0/3) Vaults:3     Depths (0/5) D:15

Altars:
Cheibriados
Dithmenos
Fedhas
Gozag
Makhleb
Okawaru
Pakellas
Ru
Sif Muna
Xom
Jiyva

Shops:
D:10 [   D:12 *[   Orc:2 (=[*(   Shoals:3 *   Vaults:3 (   Vaults:4 %

Annotations:
Vaults:5 Frederick


Innate Abilities, Weirdness & Mutations

You are under a permanent stasis effect.
You can dig through walls and to a lower floor.
Your four strong arms can wield two-handed weapons with a shield.
((You have a pair of large antennae on your head (SInv).))
((You have large cloven feet.))
((You are partially covered in icy blue scales (AC +1).))
((You are partially covered in iridescent scales (AC +4).))
((You are resistant to electric shocks.))


Message History

* * * LOW HITPOINT WARNING * * *
You slice the spellforged servitor!!
The spellforged servitor is moderately damaged.
Frederick hits you from afar with an enchanted demon trident.
* * * LOW HITPOINT WARNING * * *
Evoke which item? (* to show all) (? for menu, Esc to quit)
Aiming: Phantom Mirror
Press: ? - help, Dir - move target cursor, f - spellforged servitor
Aim: a spellforged servitor (moderately damaged, summoned)
You reflect the spellforged servitor with the mirror, and the mirror shatters!
Frederick hits you from afar with an enchanted demon trident.
* * * LOW HITPOINT WARNING * * *
Evoke which item? (* to show all) (? for menu, Esc to quit)
The dungeon trembles and rubble falls from the walls!
The door collapses!
The titan waves its arms in wide circles.
The air twists around and strikes you!
* * * LOW HITPOINT WARNING * * *
Frederick hits you from afar with an enchanted demon trident!
You die...

.....##...#{{..##C.
.... ##..#....#{{.
.{{.# ##{{#....#
{.{{{##{{{#....#
{{.{{{{{{## ..#
...({{{{{{{##
.{{{{.###{.##
.{{{{##$##{{##
.{{{{#♣8$#{{{#
.{.{{##8##{{##
..{{{{#@#C{##
...{.{.Dp{{##
##.{.{ODpW{.#
##.{...##C..#
#....####..# #..3.
..# #..... ..#


You could see Frederick, a shadow dragon, a titan, a golden dragon shaped
shifter, a vault warden, a spellforged servitor, a vault guard, a flayed ghost
and a friendly spellforged servitor.

Vanquished Creatures
  Jorgrun (Shoals:3)
  3 tentacled monstrosities
  4 liches
  A titan (Vaults:4)
  Asterion (Snake:4)
  2 quicksilver dragons (Vaults:5)
  Polyphemus (Shoals:2)
  2 krakens
  The ghost of edsrzf the Brawler, an adept TrAM of Sif Muna (Shoals:3)
  2 sphinxes
  Ilsuiw (Shoals:4)
  3 tengu reavers
  Wiglaf (Vaults:1)
  3 fire giants
  A revenant (Vaults:3)
  Donald (Vaults:1)
  6 greater nagas
  2 orc warlords
  5 deep elf sorcerers
  6 frost giants
  Aizul (Snake:1)
  Louise (D:15)
  11 vault wardens
  10 ironheart preservers
  6 stone giants
  2 salamander stormcallers
  4 very ugly things (Vaults:4)
  A vampire knight (Vaults:3)
  Azrael (Orc:2)
  2 deep elf demonologists (Vaults:3)
  A deep elf annihilator (Vaults:3)
  Snorg (Lair:7)
  5 merfolk javelineers
  2 deep elf death magi
  8 vault guards
  8 merfolk impalers
  A fire dragon (Lair:8)
  11 yaktaur captains
  Josephine (Orc:1)
  The ghost of zobies the Nimble, a journeyman MiBe of Trog (D:11)
  3 great orbs of eyes
  9 hydras
  A rakshasa (Vaults:2)
  18 naga warriors
  2 ice dragons (Vaults:4)
  2 alligator snapping turtles
  10 ogre magi
  A satyr (Shoals:4)
  4 merfolk avatars
  2 merfolk aquamancers
  12 centaur warriors
  A death knight (Vaults:4)
  8 anacondas
  A catoblepas (Shoals:3)
  12 death yaks
  A tengu warrior (D:15)
  A deep troll earth mage (Vaults:1)
  14 naga sharpshooters
  Sonja (Lair:6)
  12 deep elf knights
  4 orc high priests (Orc:2)
  A shock serpent (Snake:2)
  A fire crab (Lair:8)
  14 skeletal warriors
  10 naga ritualists
  The ghost of kGEAR the Covert, a novice SpAs (Bailey)
  A small abomination (Vaults:1)
  2 shadow wraiths
  19 sea snakes
  4 salamander mystics
  An unseen horror (D:14)
  15 ironbrand convokers
  7 deep trolls
  2 phantasmal warriors (Vaults:5)
  4 flayed ghosts
  5 deep elf archers
  3 giant orange brains
  11 hill giants
  6 orc sorcerers
  An oklob plant (Snake:3)
  7 harpies
  A shining eye (shapeshifter) (Vaults:3)
  4 wolf spiders
  2 necromancers
  33 ugly things
  21 orc knights
  A hornet (Vaults:2)
  17 griffons
  9 water nymphs
  A mana viper (shapeshifter) (Vaults:5)
  21 deep elf magi
  10 mana vipers
  10 salamanders
  10 elephants
  3 fauns (Shoals:4)
  A salamander (shapeshifter) (Vaults:3)
  13 manticores
  10 cyclopes
  15 sirens
  3 guardian serpents (Snake:4)
  Maurice (D:11)
  17 vault sentinels
  A black mamba (shapeshifter) (Vaults:4)
  A fire giant skeleton (Vaults:4)
  40 black mambas
  An ice statue (IceCv)
  2 gargoyles
  26 naga magi
  23 spiny frogs
  28 yaktaurs
  4 kobold demonologists
  2 rime drakes
  6 freezing wraiths
  16 komodo dragons
  3 wind drakes
  A spriggan druid (Lair:7)
  A queen bee (D:9)
  A harpy zombie (D:14)
  A queen bee (shapeshifter) (Vaults:2)
  14 two-headed ogres
  8 trolls
  26 blink frogs
  27 merfolk
  18 polar bears
  3 boulder beetles
  A tengu simulacrum (Vaults:2)
  A wind drake (shapeshifter) (Vaults:1)
  30 slime creatures
  A hornet zombie (D:14)
  15 snapping turtles
  An ettin zombie (Vaults:4)
  A frost giant simulacrum (Vaults:4)
  3 wyverns
  A centaur simulacrum (D:15)
  A shadow (D:13)
  2 spriggans (shapeshifter)
  A vampire (D:12)
  8 basilisks
  57 yaks
  10 fire bats (Volcano)
  2 steam dragons
  3 water elementals
  2 fire elementals (Orc:2)
  7 wraiths
  A hog (shapeshifter) (Vaults:1)
  3 hogs (D:13)
  A golden eye (shapeshifter) (Vaults:3)
  A hippogriff (shapeshifter) (D:14)
  A human (D:13)
  8 vampire mosquitoes
  13 hippogriffs
  A basilisk (shapeshifter) (Vaults:2)
  7 mottled dragons
  3 hungry ghosts
  A deep troll zombie (Vaults:4)
  33 wolves
  8 wargs
  7 hell hounds
  48 nagas
  14 water moccasins
  7 porcupines
  42 orc warriors
  52 ogres
  2 ice beasts
  3 sky beasts
  A wasp (D:10)
  A human zombie (Vaults:4)
  The ghost of gg19 the Ogre Mage, an amateur OgTm (D:4)
  5 black bears
  4 phantoms
  2 swamp drakes (Lair:8)
  7 boggarts
  A necrophage (D:10)
  9 centaurs
  13 crocodiles
  2 big kobolds
  An elf zombie (Ossuary)
  17 giant frogs
  A gnoll sergeant (D:7)
  A wyvern zombie (D:10)
  A wyvern skeleton (D:14)
  5 scorpions
  24 killer bees
  3 wights (D:5)
  A howler monkey (D:6)
  5 electric eels
  2 giant frog zombies
  4 crimson imps
  3 centaur zombies
  11 hounds
  21 orc priests
  3 jellies
  2 quasits (D:9)
  5 centaur skeletons
  3 giant frog skeletons
  A gnoll shaman (D:7)
  A wyvern simulacrum (D:14)
  Jessica (D:2)
  15 iguanas
  38 orc wizards
  13 worker ants
  38 sheep
  A big kobold zombie (Ossuary)
  2 hound skeletons
  4 mummies
  A howler monkey zombie (D:7)
  A worker ant zombie (D:8)
  20 gnolls
  13 adders
  88 river rats
  2 shadow imps
  12 white imps
  An ooze (D:2)
  5 adder zombies (Ossuary)
  2 adder skeletons
  2 worms
  5 dart slugs
  6 giant geckos
  114 orcs
  2 ball pythons
  3 giant cockroaches
  A gnoll zombie (Ossuary)
  4 goblins
  10 hobgoblins
  20 jackals
  3 quokkas
  9 bats
  5 giant newts
  A goblin zombie (Ossuary)
  4 hobgoblin zombies (Ossuary)
  A jackal skeleton (D:4)
  11 kobolds
  5 quokka zombies
  10 rats
  A rat zombie (Ossuary)
  12 fungi
  14 plants
  8 tentacles
1887 creatures vanquished.

Vanquished Creatures (collateral kills)
  A komodo dragon (Lair:4)
1 creature vanquished.

Vanquished Creatures (others)
  2 stone giants
  3 merfolk javelineers (Shoals:4)
  A satyr (Shoals:4)
  3 centaur warriors
  2 naga sharpshooters
  2 deep elf archers (Vaults:4)
  An ugly thing (Vaults:4)
  3 cyclopes
  A faun (Shoals:4)
  A vault sentinel (Vaults:3)
  A naga mage (Snake:4)
  6 yaktaurs
  A polar bear (IceCv)
  A merfolk (Shoals:1)
  2 yaks (IceCv)
  2 ogres
  An orc wizard (Orc:2)
  16 fungi
  25 plants
  12 tentacles
  490 tentacle segments
576 creatures vanquished.

Grand Total: 2464 creatures vanquished

Notes
Turn   | Place    | Note
--------------------------------------------------------------
     0 | D:1      | Svalin the Formicid Fighter began the quest for the Orb.
     0 | D:1      | Reached XP level 1. HP: 18/18 MP: 1/1
    43 | D:1      | Reached XP level 2. HP: 24/24 MP: 2/2
   353 | D:1      | Reached XP level 3. HP: 25/29 MP: 3/3
  1237 | D:2      | Reached XP level 4. HP: 24/35 MP: 4/4
  1362 | D:2      | Noticed Jessica
  1364 | D:2      | Killed Jessica
  1365 | D:2      | Found an oddly glowing altar of Pakellas.
  1717 | D:2      | Reached XP level 5. HP: 41/41 MP: 5/5
  1791 | D:2      | Found a burning altar of Makhleb.
  1967 | D:3      | Reached skill level 5 in Maces & Flails
  2516 | D:4      | Reached XP level 6. HP: 38/47 MP: 6/6
  2582 | D:4      | Noticed gg19's ghost (amateur OgTm)
  2610 | D:4      | Killed gg19's ghost
  2922 | D:4      | Reached XP level 7. HP: 49/52 MP: 7/7
  4136 | D:5      | Entered Level 5 of the Dungeon
  4212 | D:5      | Reached XP level 8. HP: 41/60 MP: 8/8
  4718 | D:5      | Found a blossoming altar of Fedhas.
  4746 | D:5      | Reached skill level 5 in Armour
  4907 | D:5      | Found a deep blue altar of Sif Muna.
  5077 | D:5      | Reached skill level 5 in Shields
  5785 | D:5      | Reached skill level 5 in Fighting
  5786 | D:5      | Reached XP level 9. HP: 17/68 MP: 9/9
  6085 | D:6      | Found an iron altar of Okawaru.
  6120 | D:6      | Became a worshipper of Warmaster Okawaru
  6624 | D:6      | Found an opulent altar of Gozag.
  6630 | D:6      | Found a shadowy altar of Dithmenos.
  6713 | D:6      | Upgraded the game from 0.18-a0-1408-g69e564c to 0.18-a0-1411-gba84f3e
  6738 | D:7      | Found a snail-covered altar of Cheibriados.
  6758 | D:7      | Reached * piety under Okawaru
  7256 | D:7      | Found a staircase to the Ecumenical Temple.
  7268 | D:7      | Reached ** piety under Okawaru
  7282 | D:7      | Reached XP level 10. HP: 44/77 MP: 10/10
  7365 | D:7      | Got a crude war axe
  7366 | D:7      | Identified the +6 war axe of Ykeha {flame, rF+++ rC+++ Int-4 Stlth-} (You found it on level 7 of the Dungeon)
  7494 | D:7      | Reached skill level 1 in Axes
  8160 | D:8      | Found a sand-covered staircase.
  8167 | Ossuary  | Entered an ossuary
  8560 | D:8      | Reached *** piety under Okawaru
  8821 | D:8      | Found a sacrificial altar of Ru.
  9289 | D:9      | Noticed a hill giant
  9299 | D:9      | Killed a hill giant
  9611 | D:9      | Reached **** piety under Okawaru
  9638 | D:9      | Reached skill level 5 in Axes
  9729 | D:9      | Reached XP level 11. HP: 76/86 MP: 11/11
 10034 | D:9      | Found a shimmering altar of Xom.
 10390 | D:9      | Reached ***** piety under Okawaru
 10893 | D:10     | Entered Level 10 of the Dungeon
 11593 | D:10     | Found Ujeonikh's Antique Armour Boutique.
 11599 | D:10     | Bought a heavily runed large shield for 247 gold pieces
 11609 | D:10     | Identified the cursed -9 large shield "Faumiot" {rF+ Str+5 Int+3} (You bought it in a shop on level 10 of the Dungeon)
 11717 | D:10     | Noticed a hill giant
 11728 | D:10     | Killed a hill giant
 12259 | D:11     | Noticed zobies's ghost (journeyman MiBe)
 12746 | D:11     | Noticed a cyan ugly thing
 12768 | D:10     | Killed a green ugly thing
 13133 | D:11     | Received a gift from Okawaru
 13136 | D:11     | Got an ichor-stained robe {god gift}
 13235 | D:11     | Identified the +1 robe of the Armoured One {-Cast rPois Slay+5} (Okawaru gifted it to you on level 11 of the Dungeon)
 13271 | D:11     | Noticed a hill giant
 13284 | D:11     | Killed a hill giant
 13515 | D:11     | Noticed a hill giant
 13520 | D:11     | Noticed Maurice
 13524 | D:11     | Killed a hill giant
 13524 | D:11     | Reached XP level 12. HP: 76/95 MP: 12/12
 13536 | D:11     | Killed Maurice
 13842 | D:11     | Found a staircase to the Lair.
 14216 | D:11     | Killed zobies's ghost
 14216 | D:11     | Reached skill level 10 in Shields
 14471 | Lair:1   | Entered Level 1 of the Lair of Beasts
 14780 | Lair:1   | Reached skill level 10 in Armour
 14856 | Lair:1   | Received a gift from Okawaru
 14859 | Lair:1   | Got a pitted broad axe {god gift}
 14968 | Lair:1   | Identified the +3 broad axe "Nibeu" {vamp, *Drain +Fly rF+ MR+} (Okawaru gifted it to you on level 1 of the Lair of Beasts)
 15182 | Lair:1   | Reached skill level 1 in Invocations
 16013 | Lair:2   | Reached skill level 10 in Axes
 16202 | Lair:2   | Reached XP level 13. HP: 71/103 MP: 12/15
 16517 | Lair:3   | Received a gift from Okawaru
 16520 | Lair:3   | Got a slimy plate armour {god gift}
 16531 | Lair:3   | Identified the +7 plate armour of Naebut {rElec rC+ Str-3 Slay+2} (Okawaru gifted it to you on level 3 of the Lair of Beasts)
 16827 | Lair:3   | Noticed a seven-headed hydra
 16840 | Lair:3   | Killed a one-headed hydra
 17096 | Lair:3   | Reached skill level 5 in Invocations
 17800 | Lair:4   | Found a frozen archway.
 17805 | Lair:4   | Noticed a four-headed hydra
 17814 | Lair:4   | Killed a one-headed hydra
 17822 | Lair:4   | Noticed a seven-headed hydra
 17835 | Lair:4   | Killed a three-headed hydra
 17852 | IceCv    | Entered an ice cave
 17867 | IceCv    | Reached ****** piety under Okawaru
 18082 | IceCv    | Received a gift from Okawaru
 18120 | IceCv    | Reached XP level 14. HP: 109/109 MP: 18/18
 18330 | IceCv    | Noticed a frost giant
 18357 | IceCv    | Killed a frost giant
 18380 | IceCv    | Received a gift from Okawaru
 18395 | IceCv    | Got a pitted scale mail {god gift}
 18844 | Lair:4   | Identified the +1 scale mail "Ekinayc" {rPois rN+} (Okawaru gifted it to you in an ice cave)
 18954 | Lair:4   | Noticed Sonja
 19326 | Lair:4   | Found a staircase to the Snake Pit.
 19542 | Lair:5   | Reached skill level 10 in Fighting
 20121 | Lair:5   | Found a staircase to the Shoals.
 20853 | Lair:6   | Killed Sonja
 20954 | Lair:6   | Found a dark tunnel.
 20965 | Volcano  | Entered a volcano
 21151 | Lair:6   | Received a gift from Okawaru
 21158 | Lair:6   | Reached XP level 15. HP: 85/117 MP: 20/20
 21806 | Lair:7   | Found an oddly glowing altar of Pakellas.
 22878 | Lair:7   | Received a gift from Okawaru
 23010 | Lair:7   | Noticed Snorg
 23022 | Lair:7   | Killed Snorg
 23178 | Lair:8   | Entered Level 8 of the Lair of Beasts
 23653 | Lair:8   | Found a viscous altar of Jiyva.
 23653 | Lair:8   | Found a staircase to the Slime Pits.
 25105 | Lair:2   | Reached XP level 16. HP: 127/127 MP: 21/21
 25465 | D:12     | Reached skill level 15 in Axes
 25502 | D:12     | Found a staircase to the Orcish Mines.
 25502 | D:12     | Found Uxulauss's Armour Boutique.
 25529 | D:12     | Bought a +2 cloak for 264 gold pieces
 25593 | D:12     | Received a gift from Okawaru
 25857 | D:12     | Found Pouczai's General Store.
 25864 | D:12     | Bought a scroll of identify for 32 gold pieces
 25864 | D:12     | Bought a bread ration for 80 gold pieces
 25910 | Orc:1    | Entered Level 1 of the Orcish Mines
 26118 | Orc:2    | Entered Level 2 of the Orcish Mines
 26217 | Orc:2    | Found a staircase to the Elven Halls.
 26217 | Orc:2    | Found Quhaky's Weapon Shop.
 26292 | Orc:2    | Noticed Josephine
 26357 | Orc:1    | Killed Josephine
 26694 | Orc:2    | Noticed Azrael
 26720 | Orc:2    | Killed Azrael
 26930 | Orc:2    | Received a gift from Okawaru
 27124 | Orc:2    | Found Jisak's Antique Armour Boutique.
 27125 | Orc:2    | Found Vaawiveh's Antique Weapon Shop.
 27127 | Orc:2    | Found Dail's General Store.
 27127 | Orc:2    | Found Xeschoapsa's Jewellery Boutique.
 27143 | Orc:2    | Bought a fine flail for 170 gold pieces
 27521 | Orc:2    | Identified the +5 flail of Atho {antimagic, MR+ Int+7} (You bought it in a shop on level 2 of the Orcish Mines)
 27773 | D:13     | Found a flagged portal.
 27932 | Bailey   | Entered a bailey
 28142 | Bailey   | Noticed kGEAR's ghost (novice SpAs)
 28163 | Bailey   | Killed kGEAR's ghost
 28240 | Bailey   | Gained mutation: You are dopey. (Int -2) [potion of mutation]
 28240 | Bailey   | Lost mutation: You are dopey. (Int -2) [potion of mutation]
 28240 | Bailey   | Gained mutation: You are partially covered in iridescent scales (AC +4). [potion of mutation]
 28241 | Bailey   | Gained mutation: You are resistant to electric shocks. [potion of beneficial mutation]
 28242 | Bailey   | Gained mutation: You have large cloven feet. [potion of beneficial mutation]
 28312 | D:13     | Received a gift from Okawaru
 28980 | D:14     | You fall through a shaft!
 28980 | D:15     | Entered Level 15 of the Dungeon
 28980 | D:15     | Noticed Louise
 29001 | D:15     | Killed Louise
 29109 | D:15     | Reached XP level 17. HP: 135/135 MP: 22/22
 29414 | D:14     | Found a gate to the Vaults.
 29859 | D:14     | Reached skill level 15 in Shields
 30837 | D:15     | Received a gift from Okawaru
 31148 | D:15     | Found a staircase to the Depths.
 31384 | Lair:1   | Upgraded the game from 0.18-a0-1411-gba84f3e to 0.18-a0-1414-gcd7f35e
 31487 | Snake:1  | Entered Level 1 of the Snake Pit
 32129 | Snake:1  | Noticed Aizul
 32145 | Snake:1  | Killed Aizul
 32292 | Snake:2  | Received a gift from Okawaru
 32429 | Snake:2  | Reached skill level 15 in Armour
 33110 | Snake:2  | Reached XP level 18. HP: 146/146 MP: 23/23
 33910 | Snake:3  | Found a sacrificial altar of Ru.
 34367 | Snake:4  | Entered Level 4 of the Snake Pit
 34510 | Snake:4  | Received a gift from Okawaru
 35198 | Snake:4  | Noticed Asterion
 35237 | Snake:4  | Killed Asterion
 35237 | Snake:4  | Received a gift from Okawaru
 35334 | Snake:4  | Reached skill level 15 in Fighting
 35584 | Snake:4  | Reached XP level 19. HP: 141/155 MP: 24/24
 35685 | Snake:4  | Received a gift from Okawaru
 35709 | Snake:4  | Got an ichor-stained cloak {god gift}
 35812 | Snake:4  | Identified the +0 cloak "Vevoly Efuti" {rC+} (Okawaru gifted it to you on level 4 of the Snake Pit)
 36261 | Snake:4  | Got a serpentine rune of Zot
 36776 | Shoals:1 | Entered Level 1 of the Shoals
 37085 | Shoals:1 | Found a runed door.
 37451 | Shoals:1 | Got a translucent broad axe
 37452 | Shoals:1 | Identified the +7 broad axe "Dup Bymy" {venom, +Inv rF- MP+9 Dex+7} (You found it on level 1 of the Shoals)
 38844 | Shoals:3 | Noticed edsrzf's ghost (adept TrAM)
 38856 | Shoals:3 | Received a gift from Okawaru
 38903 | Shoals:3 | Killed edsrzf's ghost
 39291 | Shoals:3 | Noticed Polyphemus
 39294 | Shoals:3 | Noticed Mara
 39314 | Shoals:3 | Noticed Svalin's illusion
 39328 | Shoals:2 | Killed Polyphemus
 39331 | Shoals:2 | Received a gift from Okawaru
 39430 | Shoals:3 | Noticed Svalin's illusion
 39474 | Shoals:3 | Noticed Svalin's illusion
 39516 | Shoals:3 | Noticed Svalin's illusion
 39674 | Shoals:3 | Noticed Svalin's illusion
 39715 | Shoals:2 | Noticed Svalin's illusion
 39724 | Shoals:2 | Upgraded the game from 0.18-a0-1414-gcd7f35e to 0.18-a0-1526-gcb34c7c
 39726 | Shoals:2 | HP: 6/157 [Svalin's illusion[Mara] (3)]
 40019 | Shoals:3 | Found Dotzarphe's Assorted Antiques.
 40235 | Shoals:3 | Reached XP level 20. HP: 120/164 MP: 25/25
 40530 | Shoals:3 | Noticed Jorgrun
 40542 | Shoals:3 | Killed Jorgrun
 40547 | Shoals:3 | Reached skill level 1 in Dodging
 40671 | Shoals:4 | Entered Level 4 of the Shoals
 41621 | Shoals:4 | Noticed Ilsuiw
 41639 | Shoals:4 | Killed Ilsuiw
 41802 | Shoals:4 | Received a gift from Okawaru
 41805 | Shoals:4 | Got a brightly glowing plate armour {god gift}
 41827 | Shoals:4 | Identified the +5 plate armour of the Bard {rF+ rC+ Int+4} (Okawaru gifted it to you on level 4 of the Shoals)
 42334 | Shoals:4 | Identified a scroll of acquirement
 42442 | Shoals:4 | Got a barnacled rune of Zot
 43047 | Orc:2    | Bought a +6 ring of evasion for 1170 gold pieces
 43459 | Vaults:1 | Entered Level 1 of the Vaults
 43817 | Vaults:1 | Noticed Wiglaf
 43826 | Vaults:1 | Killed Wiglaf
 43912 | Vaults:1 | Noticed Donald
 43963 | Vaults:1 | Reached skill level 5 in Dodging
 43966 | Vaults:1 | Reached XP level 21. HP: 142/173 MP: 18/26
 43977 | Vaults:1 | Killed Donald
 45502 | Vaults:2 | Received a gift from Okawaru
 45523 | Vaults:2 | Got a distressingly furry cloak {god gift}
 45534 | Vaults:2 | Identified the +0 cloak of Generosity {rF- Str+5 Dex+5} (Okawaru gifted it to you on level 2 of the Vaults)
 46582 | Vaults:2 | Gained mutation: You are partially covered in icy blue scales (AC +1). [potion of beneficial mutation]
 47359 | Vaults:3 | Received a gift from Okawaru
 47359 | Vaults:3 | Reached XP level 22. HP: 183/183 MP: 27/27
 47582 | Vaults:3 | Got an uncursed steaming long sword {slice}
 47583 | Vaults:3 | Identified the +8 long sword "Vofo" {slice, rPois rF- MP+9 Dex+8} (You took it off a centaur warrior on level 3 of the Vaults)
 47825 | Vaults:3 | Found a staircase to the Crypt.
 48040 | Vaults:3 | Received a gift from Okawaru
 48142 | Vaults:3 | Found Xuthrecwu's Antique Weapon Emporium.
 49460 | Vaults:4 | Received a gift from Okawaru
 49627 | Vaults:4 | Found Onyd's Food Shoppe.
 49870 | Vaults:4 | Reached XP level 23. HP: 130/189 MP: 21/28
 49940 | Vaults:4 | Reached skill level 10 in Dodging
 49957 | Vaults:4 | Received a gift from Okawaru
 51573 | Vaults:5 | Entered Level 5 of the Vaults
 51650 | Vaults:5 | Noticed Frederick
 51705 | Vaults:5 | Reached XP level 24. HP: 29/201 MP: 28/28
 51715 | Vaults:5 | Noticed a golden dragon
 51715 | Vaults:5 | an iron dragon changed into a golden dragon
 51720 | Vaults:5 | HP: 3/303 [titan/the air (21)]
 51720 | Vaults:5 | Mangled by Frederick

Vault maps used:
D:1:      dpeg_arrival_pond, serial_forest, infiniplex_forest_lined_ring,
          infiniplex_forest_clump_C, infiniplex_forest_end_double,
          infiniplex_forest_straight_3, infiniplex_forest_3_way,
          infiniplex_forest_corner_1, st_stairs_5
D:2:      lemuel_coloured_pillars_altar, nicolae_overflow_hidden_temple,
          uniq_jessica
D:3:      first_bread
D:5:      lemuel_blue_sif_altar, serial_glass, glass_columns_c, glass_columns_b,
          minmay_strange_pillars, fedhas_altar_fruit_tree
D:6:      grunt_temple_overflow_open, okawaru_altar_gauntlet_db
D:7:      cheibriados_altar_1, minmay_temple_entry_large_hall
D:8:      nicolae_ru_awakened_eye, gup_ossuary_entry_pyramid
D:9:      xom_teletrap_fun
D:10:     serial_shops, nicolae_shop_trees, serial_glass, glass_columns_c,
          glass_columns_a
D:11:     erik_lair_orcish_takeover, uniq_maurice
D:12:     orc_david_3, serial_shops, shop
D:13:     enter_bailey_8, grunt_livestock
D:14:     david_vaults_5, minmay_strange_pillars
D:15:     grunt_enter_depths_snipers, grunt_ministairs_9, uniq_louise
Lair:2:   serial_bayou_shore_a
Lair:3:   grunt_megastairs_5, lemuel_fruit_tree, serial_bayou_shore_b
Lair:4:   guppyfry_snake_entry_island, portal_ice_cave_entry_imps,
          beast_lair_carwin_7, uniq_sonja
Lair:5:   beast_lair_carwin_large_3, elwin_shoals_entry_rooms, minivault_11,
          lemuel_fruit_fields, grunt_megastairs_3
Lair:6:   enter_volcano_2, st_stairs_12
Lair:7:   basic_altar, kilobyte_rumbling_trees, uniq_snorg
Lair:8:   guppyfry_lair_end_dragon, dpeg_slime_entry_enclosed_altar,
          serial_bayou_shore_b
Shoals:1: lightli_airlock
Shoals:3: serial_shops, nicolae_shop_crystal,
          nicolae_shoals_arrival_archipelago, uniq_polyphemus, uniq_jorgrun,
          uniq_mara
Shoals:4: shoals_end_grunt_ice, shoals_ilsuiw_alternative,
          hangedman_shoals_cup_caves
Snake:1:  uniq_aizul
Snake:2:  grunt_ministairs_6
Snake:3:  abandoned_shop, lemuel_oklob_altar
Snake:4:  snake_pit, uniq_asterion
Orc:1:    uniq_urug
Orc:2:    st_orc_congregation, serial_shops, shop, uniq_azrael, uniq_josephine
Vaults:1: hangedman_vaults_stitches, grunt_vaults_hallway_short,
          ontoclasm_vaults_pinch, nicolae_vaults_border_crossing,
          ontoclasm_vaults_decontamination, dpeg_vaults_monster_box,
          vaults_room_pools, uniq_donald, uniq_wiglaf
Vaults:2: v_alt_pattern_6, v_misc_2, nicolae_vaults_disjoint_gnomons, v_misc_16,
          v_misc_32, v_pattern_2, v_misc_13, nicolae_vaults_mini_display_case,
          vaults_room_fancy_cross, grunt_vaults_diagonal, v_misc_16
Vaults:3: minmay_crypt_entry_simple_plaza, v_misc_8, v_misc_25, v_misc_10,
          st_more_cells, hangedman_vaults_maws, v_alt_pattern_5, v_misc_14,
          ontoclasm_vaults_gateway, nicolae_vaults_little_squares_5,
          v_alt_pattern_3, ontoclasm_vaults_bender, vaults_room_corners,
          v_misc_14, nicolae_vaults_little_squares_4, serial_shops,
          nicolae_shop_statue_plus
Vaults:4: dpeg_vaults_pockets_of_resistance, v_pattern_4, nicolae_vaults_arrows,
          vaults_room_grid, v_misc_13, nicolae_vaults_little_squares_1,
          vaults_dpeg_cross, vaults_mumra_hexcomb, nicolae_vaults_little_ls,
          nicolae_vaults_circle_grid_a, serial_shops, shop
Vaults:5: uniq_frederick
Ossuary:  ossuary_minmay_chase
Bailey:   bailey_polearm_5, bailey
IceCv:    ice_cave_caverns_03
Volcano:  volcano_caves

Skill      XL: |  1  2  3  4  5  6  7  8  9 10 11 12 13 14 15 16 17 18 19 20 21 22 23 |
---------------+----------------------------------------------------------------------+-----
Maces & Flails | 3 4 5 6 7 8 9 |  9.8
Shields        | 4 5 6 8 9 10 11 12 13 14 15 16 17 | 17.9
Fighting       | 4 5 6 7 9 10 11 12 14 15 16 17 18 19 | 19.4
Armour         | 4 5 6 8 9 10 11 12 13 14 15 16 17 18 19 20 | 20.1
Axes           | 5 8 10 11 13 14 15 16 17 18 19 20 | 20.5
Invocations    | 3 6 7 |  7.7
Dodging        | 5 7 9 10 | 10.4

Action                   |  1- 3 |  4- 6 |  7- 9 | 10-12 | 13-15 | 16-18 | 19-21 | 22-24 || total
-------------------------+-------+-------+-------+-------+-------+-------+-------+-------++-------
Melee: Flail             |   105 |   158 |   250 |       |       |       |       |       ||   513
       Dire flail        |       |       |   189 |    33 |       |       |       |       ||   222
       War axe           |       |       |       |   656 |  1197 |  1622 |   365 |       ||  3840
       Executioner's axe |       |       |       |       |       |       |  1141 |   742 ||  1883
Throw: Javelin           |       |       |       |       |       |       |     4 |       ||     4
Invok: Heroism           |       |       |       |     3 |     3 |    12 |     7 |     3 ||    28
       Finesse           |       |       |       |       |       |     9 |     6 |     3 ||    18
 Abil: Dig               |       |       |       |       |     1 |     3 |       |       ||     4
Evoke: Wand              |       |       |       |     3 |     2 |       |     1 |       ||     6
       Stone of tremors  |       |       |       |     1 |     1 |       |     1 |     2 ||     5
       Disc of storms    |       |       |       |       |       |       |     4 |       ||     4
       Fan of gales      |       |       |       |       |       |       |     2 |     1 ||     3
       Phantom mirror    |       |       |       |       |       |       |     1 |     1 ||     2
       Deck              |       |       |       |       |       |       |     1 |       ||     1
       Sack of spiders   |       |       |       |       |       |       |       |     1 ||     1
  Use: Scroll            |     3 |     5 |     9 |     7 |    11 |    15 |     4 |     3 ||    57
       Potion            |       |     2 |     3 |     5 |       |     6 |     7 |     3 ||    26
 Stab: Distracted        |       |       |       |       |     1 |       |     3 |     1 ||     5
  Eat: Chunk             |     1 |     6 |    12 |    24 |    29 |    31 |    24 |    15 ||   142
       Pizza             |       |       |     1 |     1 |       |       |     4 |       ||     6
       Fruit             |       |       |     1 |     8 |       |     6 |     7 |       ||    22
       Beef jerky        |       |       |       |     3 |     1 |     1 |     1 |       ||     6
       Bread ration      |       |       |       |       |       |       |     1 |       ||     1
       Meat ration       |       |       |       |       |       |       |       |     1 ||     1
